 Dungeon Crawl Stone Soup version 0.18-a0-1347-gb9e2fb4 (console) character file.

481 utis the Bolt Thrower (level 6, 32/58 HPs)
             Began as a Deep Dwarf Hunter on Feb 17, 2016.
             Quit the game on level 4 of the Dungeon.
             The game lasted 00:11:10 (4253 turns).

utis the Bolt Thrower (Deep Dwarf Hunter)           Turns: 4253, Time: 00:11:10

Health: 32/58      AC: 13    Str: 17    XL:     6   Next: 87%
Magic:  5/5        EV: 10    Int: 11    God:
Gold:   150        SH:  0    Dex: 14    Spells: 0 memorised, 5 levels left

rFire  . . .     SeeInvis .     i - -2 short sword (curse)
rCold  . . .     Gourm    .     g - +0 scale mail
rNeg   . . .     Faith    .     (no shield)
rPois  .         Spirit   .     (no helmet)
rElec  .         Dismiss  .     j - +0 cloak
rCorr  .         Reflect  .     (no gloves)
SustAt .         Harm     .     (no boots)
MR     .....                    B - amulet of rage
Stlth  ..........               L - ring of flight
                                O - +6 ring of protection

@: non-regenerating, not resistant to hostile enchantments, extremely unstealthy
A: damage resistance, recharge devices, sense surroundings 1, slow regeneration
3
a: Device Recharging, Evoke Berserk Rage, Evoke Flight


You were on level 4 of the Dungeon.
You were not hungry.

You visited 1 branch of the dungeon, and saw 4 of its levels.

You collected 150 gold pieces.

Inventory:

Hand Weapons
 a - a +1 hand crossbow
 b - a +0 short sword
 i - a cursed -2 short sword (weapon)
Missiles
 d - 26 bolts
 l - 70 stones (quivered)
 n - 11 sling bullets
Armour
 c - a +0 leather armour
 g - a +0 scale mail (worn)
 j - a +0 cloak (worn)
Jewellery
 B - an amulet of rage (around neck)
 L - a ring of flight (right hand)
 O - a +6 ring of protection (left hand)
 Z - an uncursed ring of wizardry
Wands
 e - a wand of heal wounds (8/9) {@v2}
Potions
 k - 2 potions of agility {unknown}
 m - 2 potions of curing {unknown}
 o - a potion of magic {unknown}
 r - a potion of brilliance {unknown}
 u - a potion of flight {unknown}
 z - a potion of haste {unknown}
Comestibles
 f - 2 bread rations {@e1}
 h - 3 chunks of flesh
 p - 2 fruits {@e2}
 q - a meat ration {@e1}


   Skills:
 + Level 4.7 Fighting
 * Level 7.0 Crossbows
 + Level 1.8 Armour
 - Level 2.1 Dodging
 - Level 1.2 Stealth


You had 5 spell levels left.
You didn't know any spells.

Dungeon Overview and Level Annotations

Branches:
Dungeon (4/15)
 Temple: D:4-7

Altars:
Okawaru
Trog


Innate Abilities, Weirdness & Mutations

You are resistant to damage.
You can recharge devices by infusing magical energy.
You passively map a small area around you.
You do not regenerate naturally.


Message History

h - 3 chunks of flesh (gained 1)
You see here a worker ant corpse.
You butcher the worker ant corpse.
h - 5 chunks of flesh (gained 2) Unknown command.
Search for what [Enter for "."]? weapon Eating one of 5 chunks of flesh.
This raw flesh tastes terrible.
You continue eating. x2
You are no longer poisoned.
You see here a rapier.
Some of the chunks of flesh in your inventory have rotted away.
There is a stone staircase leading down here.
You see here a glowing short sword.
i - a glowing short sword Wield which item (- for none, * to show all)? (? for menu, Esc to quit)
It sticks to your hand!
i - a cursed -2 short sword (weapon)
You aren't carrying any spellbooks or scrolls.
Unknown command.
Are you sure you want to abandon this character and quit the game? (Confirm with "yes".)

*
░.....░░░░░░░░
░....░ ░░░░.░░
░.░░>░ , * ░.░
░.░░.░ , ░÷░
░.░░.░░░ , ░.░
░.░░.... , ,
░.░ ░.░░░░░░ *
, ░.░ ░.░ ,, *
░.░░░░░░░░░░░.░
**
░..g..........░
*
░░░░░░░░░░░░░░░


There were no monsters in sight!

Vanquished Creatures
  A centaur (D:3)
  2 hounds (D:4)
  An iguana (D:4)
  Ijyb (D:2)
  Natasha (thrice) (D:2)
  4 worker ants
  A gnoll (D:2)
  5 adders
  2 oozes
  A worm (D:3)
  A giant gecko (D:2)
  2 orcs
  2 ball pythons
  A giant cockroach (D:1)
  11 hobgoblins
  5 kobolds
  3 quokkas
  11 bats
  A giant gecko skeleton (D:4)
  2 giant newts (D:2)
  A goblin (D:3)
  6 rats
67 creatures vanquished.

Vanquished Creatures (others)
  A wizard (D:3)
1 creature vanquished.

Grand Total: 68 creatures vanquished

Notes
Turn   | Place    | Note
--------------------------------------------------------------
     0 | D:1      | utis the Deep Dwarf Hunter began the quest for the Orb.
     0 | D:1      | Reached XP level 1. HP: 19/19 MP: 1/1
   420 | D:1      | Reached XP level 2. HP: 13/26 MP: 2/2
  1213 | D:2      | Noticed Ijyb
  1252 | D:2      | Noticed Natasha
  1257 | D:2      | Killed Natasha
  1257 | D:2      | Reached skill level 5 in Crossbows
  1257 | D:2      | Reached XP level 3. HP: 33/33 MP: 3/3
  1358 | D:2      | Noticed Natasha
  1368 | D:2      | Killed Ijyb
  1368 | D:2      | Reached XP level 4. HP: 37/42 MP: 4/4
  1433 | D:2      | Killed Natasha
  1447 | D:2      | Noticed Natasha
  1469 | D:2      | Killed Natasha
  1921 | D:2      | Reached XP level 5. HP: 33/49 MP: 5/5
  2315 | D:2      | Found an iron altar of Okawaru.
  2442 | D:3      | Reached skill level 6 in Crossbows
  2709 | D:3      | Noticed a centaur
  2725 | D:3      | Killed a centaur
  2725 | D:3      | Reached XP level 6. HP: 27/57 MP: 6/6
  3472 | D:3      | Found a bloodstained altar of Trog.
  3475 | D:3      | Noticed a wizard
  3480 | D:3      | Killed a wizard
  3862 | D:4      | Reached skill level 1 in Armour
  3955 | D:4      | Reached skill level 7 in Crossbows
  4253 | D:4      | Quit the game

Vault maps used:
D:1:      shiori_shiawase
D:2:      okawaru_altar_gauntlet_db, uniq_natasha, uniq_iyjb
D:3:      first_bread, trog_wizard
D:4:      temple_doors_e

Action                   |  1- 3 |  4- 6 || total
-------------------------+-------+-------++-------
Melee: Short sword       |   112 |   207 ||   319
 Fire: Hand crossbow     |    10 |    59 ||    69
Throw: Stone             |     7 |    47 ||    54
 Abil: Device Recharging |       |     1 ||     1
Evoke: Wand              |     1 |     4 ||     5
  Use: Scroll            |     1 |     3 ||     4
       Potion            |       |     1 ||     1
  Eat: Chunk             |     2 |     9 ||    11
